[Event "Titled Tuesday Blitz June 13 Early 2023"]
[White "Chuemsakul, Sarocha"]
[Black "Ciorgovean, Iustin"]
[WhiteFideId "6203710"]
[BlackFideId "1242911"]
[WhiteElo "1686"]
[BlackElo "2186"]
[Result "1-0"]
[Round "11"]
[TimeControl "180+2"]
[Date "2023.06.13"]
[WhiteClock "0:00:05"]
[BlackClock "0:00:00"]
[Board "104"]

1. d4 Nf6 2. c4 c5 3. d5 g6 4. Nc3 Bg7 5. e4 O-O 6. Bd3 d6 7. Nge2 e5 8. f3 Ne8 9. g4 Bh6 10. h4 Bxc1 11. Qxc1 f6 12. Qh6 Qe7 13. h5 g5 14. Ng3 Nc7 15. Nd1 Ne8 16. Ne3 Qg7 17. Qxg7+ Nxg7 18. h6 Ne8 19. a3 Na6 20. Rb1 Nac7 21. b4 b6 22. Kd2 Kf7 23. bxc5 bxc5 24. Ngf5 a5 25. Rb6 Ra6 26. Rhb1 Na8 27. Rb8 Nec7 28. Bc2 Bd7 29. R8b7 Rd8 30. Kc3 Bc8 31. R7b2 Bd7 32. Rb7 Bc8 33. Rb8 a4 34. Kd2 Re8 35. Ng7 Rd8 36. Nd1 Ke7 37. Nh5 Ne8 38. Nc3 Bd7 39. R8b7 Nac7 40. R1b2 Rda8 41. Nd1 Bc8 42. R7b6 Bd7 43. Ne3 Rxb6 44. Rxb6 Ra6 45. Rb1 Na8 46. Ng3 Rb6 47. Ngf5+ Kf7 48. Rxb6 Nxb6 49. Kc3 Kg6 50. Bd1 Nc8 51. Bc2 Kf7 52. Bd1 Ne7 53. Ng3 Ng8 54. Kd2 Nxh6 55. Ne2 Ng8 56. Nc3 Ne7 57. Bxa4 Bc8 58. Bxe8+ Kxe8 59. a4 Kd7 60. Nb5 Ba6 61. Kd3 Nc8 62. Nf5 Bb7 63. Nh6 Ba6 64. Ng8 1-0


[Site "https://www.chess.com"]

[Event "Titled Tuesday Blitz June 13 Early 2023"]
[White "whiteglovethief"]
[Black "Levitan, Caleb Levi"]
[BlackFideId "14332620"]
[WhiteElo "2498"]
[BlackElo "1963"]
[Result "1-0"]
[Round "11"]
[TimeControl "180+2"]
[Date "2023.06.13"]
[WhiteClock "0:01:43"]
[BlackClock "0:00:00"]
[Board "105"]

1. d4 d5 2. c4 e6 3. Nf3 Nf6 4. g3 dxc4 5. Bg2 Bb4+ 6. Nc3 c5 7. O-O O-O 8. dxc5 Bxc5 9. Ne5 Nbd7 10. Nxc4 Qe7 11. Bf4 Rd8 12. Bd6 Bxd6 13. Qxd6 Qxd6 14. Nxd6 Rb8 15. Rfd1 b6 16. Ncb5 a6 17. Na7 Ne5 18. Ndxc8 Rbxc8 19. Nxc8 Rxc8 20. Rac1 Rb8 21. Rc7 Kf8 22. Rdc1 Ke8 23. Rc8+ Rxc8 24. Rxc8+ Kd7 25. Rb8 Kc7 26. Rb7+ Kc8 27. Rxb6 a5 28. Ra6 Nfd7 29. Rxa5 Nc4 30. Ra8+ Kc7 31. b3 Ncb6 32. Rg8 g6 33. Rg7 Ne5 34. f4 Ng4 35. Rxf7+ Nd7 36. Rxh7 Ne3 37. Bh3 Kd6 38. a4 Nc2 39. a5 Nd4 40. a6 Nb5 41. e4 Kc6 42. Bxe6 1-0


[Site "https://www.chess.com"]

[Event "Titled Tuesday Blitz June 13 Early 2023"]
[White "gueraumasague"]
[Black "Samaganova, Aleksandra"]
[BlackFideId "13800221"]
[WhiteElo "2492"]
[BlackElo "1858"]
[Result "1-0"]
[Round "11"]
[TimeControl "180+2"]
[Date "2023.06.13"]
[WhiteClock "0:01:09"]
[BlackClock "0:00:00"]
[Board "106"]

1. e4 c5 2. Nc3 e6 3. f4 a6 4. g3 b5 5. Bg2 Bb7 6. d3 Qc7 7. Nh3 Nf6 8. O-O d6 9. g4 Be7 10. g5 Nfd7 11. f5 e5 12. Qh5 b4 13. Nd5 Bxd5 14. exd5 g6 15. fxg6 fxg6 16. Qg4 Nf8 17. Nf2 Nbd7 18. Ne4 O-O-O 19. Rf7 Re8 20. c3 a5 21. a3 b3 22. a4 Qa7 23. Be3 Kd8 24. Raf1 Qb7 25. Nd2 Qa6 26. Nc4 h5 27. Qe4 Rh7 28. Rxh7 Nxh7 29. Qxg6 Nhf8 30. Qxh5 Qb7 31. Nxa5 Qa8 32. Nc6+ Kc7 33. Qf7 Bxg5 34. Bxg5 1-0


[Site "https://www.chess.com"]

[Event "Titled Tuesday Blitz June 13 Early 2023"]
[White "Chemin, Justo Reinaldo"]
[Black "Tinmaz, Kerem"]
[WhiteFideId "2101580"]
[BlackFideId "44559151"]
[WhiteElo "1940"]
[BlackElo "2153"]
[Result "1-0"]
[Round "11"]
[TimeControl "180+2"]
[Date "2023.06.13"]
[WhiteClock "0:01:44"]
[BlackClock "0:00:00"]
[Board "107"]

1. d4 d5 2. c4 c6 3. cxd5 cxd5 4. Nf3 Nf6 5. Nc3 Nc6 6. Bf4 Bf5 7. e3 e6 8. Be2 Bd6 9. Bg3 O-O 10. a3 a6 11. b4 Ne4 12. Nxe4 Bxe4 13. O-O Rc8 14. Qb3 Bxg3 15. hxg3 Qd6 16. Rfc1 Ne7 17. Rc5 h6 18. Rac1 Kh7 19. Qc3 b6 20. Rc7 Rxc7 21. Qxc7 Rd8 22. Qxd6 Rxd6 23. Bxa6 Rc6 24. Rxc6 Nxc6 25. Bb5 Nd8 26. Ne5 Nb7 27. f3 Bg6 28. Nxg6 Kxg6 29. a4 Nd6 30. Bc6 Nc4 31. Bb5 Nxe3 32. Bd3+ Kf6 33. Kf2 Nd1+ 34. Ke1 Nc3 35. a5 bxa5 36. bxa5 Na4 37. Bb5 Nc3 38. Bc6 Ke7 39. a6 Kd6 40. a7 1-0


[Site "https://www.chess.com"]

[Event "Titled Tuesday Blitz June 13 Early 2023"]
[White "Ciuffoletti, Paolo"]
[Black "Gavrilov, Maxim"]
[WhiteFideId "807630"]
[BlackFideId "24271454"]
[WhiteElo "2143"]
[BlackElo "1969"]
[Result "0-1"]
[Round "11"]
[TimeControl "180+2"]
[Date "2023.06.13"]
[WhiteClock "0:00:00"]
[BlackClock "0:00:35"]
[Board "108"]

1. e4 e6 2. d4 d5 3. e5 c5 4. c3 Nc6 5. Nf3 f6 6. Bd3 fxe5 7. dxe5 Nge7 8. O-O g6 9. c4 Bg7 10. Bg5 O-O 11. cxd5 exd5 12. Re1 Be6 13. Nc3 a6 14. h4 b5 15. Rc1 Bg4 16. Be2 b4 17. Na4 c4 18. Nd4 Bxe2 19. Rxe2 Nxd4 20. Qxd4 Nf5 21. Qg4 Qa5 22. b3 c3 23. h5 d4 24. Qe4 Qb5 25. hxg6 hxg6 26. Rd1 Rae8 27. e6 Nd6 28. Qxg6 Qxe2 0-1


[Site "https://www.chess.com"]

[Event "Titled Tuesday Blitz June 13 Early 2023"]
[White "FREDERICKtheMATE"]
[Black "Lehtosaari, Mauri"]
[BlackFideId "501999"]
[WhiteElo "2370"]
[BlackElo "2531"]
[Result "1/2-1/2"]
[Round "11"]
[TimeControl "180+2"]
[Date "2023.06.13"]
[WhiteClock "0:00:36"]
[BlackClock "0:00:08"]
[Board "109"]

1. e4 d5 2. exd5 Qxd5 3. Nc3 Qd8 4. d4 Nf6 5. Nf3 Bg4 6. Bc4 e6 7. h3 Bxf3 8. Qxf3 c6 9. Be3 Nbd7 10. O-O-O Bb4 11. Ne4 Nxe4 12. Qxe4 Nf6 13. Qf3 O-O 14. g4 Nd5 15. h4 b5 16. Bb3 a5 17. c3 Bd6 18. g5 a4 19. Bc2 a3 20. Bd2 axb2+ 21. Kxb2 Qa5 22. Bb3 Qa3+ 23. Kc2 c5 24. dxc5 Bxc5 25. h5 Rac8 26. Rh3 Bb4 27. Qe4 Rc7 28. g6 Rfc8 29. gxf7+ Kf8 30. Qxh7 Nf6 31. Qg6 Bxc3 32. Bxc3 b4 33. Rdd3 bxc3 34. Rxc3 Rxc3+ 35. Rxc3 Rxc3+ 36. Kxc3 Qc5+ 37. Bc4 Qxf2 38. h6 Qe3+ 39. Kb4 Qb6+ 40. Kc3 Qe3+ 41. Kc2 Qf2+ 42. Kb1 Qe1+ 43. Kc2 Qf2+ 44. Kb3 Qe3+ 45. Ka4 Qa7+ 46. Kb5 Qb7+ 47. Kc5 Qc7+ 48. Kd4 Qd6+ 49. Ke3 Qe5+ 50. Kd3 Qd6+ 51. Kc3 Qe5+ 52. Kb3 Qe3+ 53. Kb4 Qb6+ 54. Kc3 Qe3+ 1/2-1/2


[Site "https://www.chess.com"]

[Event "Titled Tuesday Blitz June 13 Early 2023"]
[White "Yonal, Timur"]
[Black "Srdanovic, Jovana"]
[WhiteFideId "44115725"]
[BlackFideId "954810"]
[WhiteElo "1966"]
[BlackElo "2155"]
[Result "1/2-1/2"]
[Round "11"]
[TimeControl "180+2"]
[Date "2023.06.13"]
[WhiteClock "0:00:28"]
[BlackClock "0:00:12"]
[Board "110"]

1. e4 e5 2. Nf3 Nc6 3. Bb5 a6 4. Ba4 d6 5. O-O Bd7 6. Re1 g5 7. d3 g4 8. Nfd2 h5 9. Bb3 Qf6 10. c3 O-O-O 11. a4 h4 12. d4 exd4 13. cxd4 g3 14. Qf3 Nxd4 15. Qxf6 Nxf6 16. h3 gxf2+ 17. Kxf2 Bh6 18. Bd1 Bf4 19. Kg1 Bg3 20. Rf1 Nh5 21. Nf3 Nxf3+ 22. Bxf3 Bc6 23. Nc3 Kb8 24. Be3 Rde8 25. b4 Nf6 26. b5 Bxe4 27. Bd4 Be5 28. Bxe5 Rxe5 29. Nxe4 Nxe4 30. Bxe4 Rxe4 31. bxa6 Re2 32. Rab1 b6 33. Rxf7 Rg8 34. Rf2 Re4 35. a5 Ka7 36. axb6+ cxb6 37. Rf7+ Kxa6 38. Ra1+ Kb5 39. Rb1+ Kc6 40. Rc1+ Kd5 41. Rb7 Re2 42. Rd1+ Ke6 43. Rxb6 Rgxg2+ 44. Kh1 Rh2+ 45. Kg1 Reg2+ 46. Kf1 Rf2+ 47. Kg1 Rd2 48. Re1+ Rhe2 49. Rxe2+ Rxe2 50. Rb4 d5 51. Rxh4 Ke5 52. Kf1 Rh2 53. Ke1 d4 54. Kd1 Kd5 55. Kc1 Kc4 56. Rh8 Kd3 57. h4 Rc2+ 58. Kb1 Rh2 59. h5 Kd2 60. h6 d3 61. h7 Kd1 62. Rd8 Rxh7 63. Rxd3+ Ke2 64. Rd8 Rb7+ 65. Kc2 Rc7+ 66. Kb3 Rb7+ 67. Kc4 Rc7+ 68. Kb5 Rc2 69. Rd6 Rd2 70. Re6+ Kd1 71. Kc6 Rc2+ 72. Kd7 Rd2+ 73. Kc7 Rc2+ 74. Kb6 Rb2+ 75. Ka5 Rc2 76. Kb4 Rd2 77. Kc3 Rd8 78. Rh6 Rc8+ 79. Kd3 Rd8+ 80. Ke3 Re8+ 81. Kf2 Rf8+ 82. Kg2 Rg8+ 83. Kh2 Re8 84. Rf6 Re2+ 85. Kg3 Re3+ 86. Kf2 Re2+ 87. Kf3 Rd2 88. Re6 Rd8 89. Ke4 Kc2 90. Ke5 Kd1 91. Rd6+ Rxd6 92. Kxd6 1/2-1/2


[Site "https://www.chess.com"]

[Event "Titled Tuesday Blitz June 13 Early 2023"]
[White "Bashirli, Saadat"]
[Black "Liu, Casper"]
[WhiteFideId "13429990"]
[BlackFideId "1454153"]
[WhiteElo "1408"]
[BlackElo "2221"]
[Result "0-1"]
[Round "11"]
[TimeControl "180+2"]
[Date "2023.06.13"]
[WhiteClock "0:00:00"]
[BlackClock "0:00:18"]
[Board "111"]

1. d4 Nf6 2. e3 c5 3. c3 cxd4 4. cxd4 d5 5. f4 Nc6 6. Bd3 Bg4 7. Nf3 e6 8. Nc3 Bd6 9. O-O a6 10. h3 Bh5 11. a3 Rc8 12. Bd2 Nd7 13. g4 Bg6 14. f5 exf5 15. gxf5 Bh5 16. Nxd5 Nf6 17. Nc3 Bb8 18. Kh1 Qc7 19. Qe2 g5 20. fxg6 hxg6 21. Be1 Bg4 22. h4 Kf8 23. Qg2 Kg7 24. Nh2 Be6 25. Rxf6 Kxf6 26. Ne4+ Kg7 27. Bg3 Qd8 28. Rf1 Bxg3 29. Nxg3 Qxh4 30. d5 Bh3 31. Nf5+ Bxf5 32. Bxf5 Ne5 33. Bxc8 Rxc8 34. Kg1 f5 35. d6 Nc6 36. d7 Rd8 37. Rd1 Qe7 38. Qd2 Ne5 39. Kf2 Rxd7 40. Qe1 Nd3+ 41. Rxd3 Rxd3 42. Nf3 Qc5 43. Qe2 Rb3 44. Nd4 Rb6 45. Qd2 Qd5 46. Qe2 Qe4 47. Qd2 Rd6 48. Qc3 Kh6 49. Qc1 Qh4+ 50. Ke2 Qh2+ 51. Kd3 Rd7 52. Qf1 Rc7 53. Qd1 Rc8 54. Qb3 Qc7 55. Qb4 Qc1 56. Qb3 Qb1+ 57. Kd2 Rc1 58. Ne2 Rc7 59. Qb4 Rd7+ 60. Nd4 Qe4 61. Ke2 Qg4+ 62. Kd2 f4 63. Qf8+ Kh7 64. Qe8 fxe3+ 0-1


[Site "https://www.chess.com"]

[Event "Titled Tuesday Blitz June 13 Early 2023"]
[White "Bashkansky, Ethan"]
[Black "Ginzburg, Yakov"]
[WhiteFideId "2071533"]
[BlackFideId "4157176"]
[WhiteElo "2331"]
[BlackElo "2305"]
[Result "0-1"]
[Round "11"]
[TimeControl "180+2"]
[Date "2023.06.13"]
[WhiteClock "0:01:56"]
[BlackClock "0:02:23"]
[Board "112"]

1. d4 d5 2. c4 c5 3. cxd5 cxd4 4. Nf3 Qxd5 5. Qxd4 Qxd4 6. Nxd4 a6 7. Bf4 f6 8. Bg3 e5 9. Nb3 Bb4+ 10. N1d2 Ne7 11. a3 Bxd2+ 12. Kxd2 O-O 13. e4 Nbc6 14. Bc4+ Kh8 15. Nc5 Rd8+ 16. Ke3 Nd4 17. Rac1 b5 18. Ba2 g5 19. Rhd1 Ng6 20. Nb3 Be6 21. Nxd4 exd4+ 22. Rxd4 Bxa2 0-1


[Site "https://www.chess.com"]

[Event "Titled Tuesday Blitz June 13 Early 2023"]
[White "Vifleemskaia, Svetlana"]
[Black "Gomes, Luiz Alexandre de Souza"]
[WhiteFideId "4129490"]
[BlackFideId "2102790"]
[WhiteElo "1930"]
[BlackElo "2487"]
[Result "0-1"]
[Round "11"]
[TimeControl "180+2"]
[Date "2023.06.13"]
[WhiteClock "0:00:00"]
[BlackClock "0:00:03"]
[Board "113"]

1. d4 Nf6 2. c4 c5 3. d5 b5 4. Qc2 d6 5. e4 g6 6. b3 Bg7 7. Bb2 O-O 8. Nd2 Na6 9. a3 bxc4 10. bxc4 Rb8 11. Bc3 Nc7 12. Ngf3 e6 13. Bd3 exd5 14. exd5 Re8+ 15. Kf1 Ng4 16. h3 Ne5 17. Nxe5 Bxe5 18. Nf3 Bxc3 19. Qxc3 Bd7 20. g3 Qc8 21. Kg2 Na8 22. Qf6 Ba4 23. Qxd6 Nb6 24. Rhe1 Rd8 25. Qe5 Bb3 26. Rac1 Qa6 27. Ng5 Rf8 28. Ne4 Nd7 29. Qc7 Ba4 30. Nxc5 Nxc5 31. Qxc5 Rbc8 32. Qd4 Bd7 33. c5 Qxa3 34. c6 Be8 35. Be4 Rd8 36. Red1 Qd6 37. Bf3 f5 38. c7 Rc8 39. Qc5 Qxc5 40. Rxc5 Bd7 41. d6 Rfe8 42. Bd5+ Kg7 43. Ra5 Kf6 44. f4 Re2+ 45. Kf3 Rc2 46. Rxa7 Rc3+ 47. Kf2 g5 48. fxg5+ Kxg5 49. Rd2 f4 50. gxf4+ Kxf4 51. Bg2 Rf8 52. Kg1 Rg8 53. Kh2 Rcg3 0-1


[Site "https://www.chess.com"]

[Event "Titled Tuesday Blitz June 13 Early 2023"]
[White "Jiganchine, Roman"]
[Black "Santos Flores, Alberto"]
[WhiteFideId "2603667"]
[BlackFideId "3601234"]
[WhiteElo "2323"]
[BlackElo "2235"]
[Result "0-1"]
[Round "11"]
[TimeControl "180+2"]
[Date "2023.06.13"]
[WhiteClock "0:00:00"]
[BlackClock "0:01:43"]
[Board "114"]

1. e4 c5 2. Nf3 Nc6 3. Bb5 g6 4. O-O Bg7 5. Re1 Nf6 6. e5 Nd5 7. Nc3 Nc7 8. Bxc6 dxc6 9. Ne4 Ne6 10. h3 O-O 11. d3 b6 12. a4 f5 13. exf6 exf6 14. Rb1 Nd4 15. Bd2 Bf5 16. Bc3 Bxe4 17. Rxe4 f5 18. Re1 Qd5 19. Bxd4 cxd4 20. b3 Rae8 21. Qd2 h6 22. h4 Kf7 23. Qf4 Qd7 24. g4 Rxe1+ 25. Rxe1 Kg8 26. g5 h5 27. Kg2 c5 28. Nd2 Re8 29. Rxe8+ Qxe8 30. Nc4 Qc6+ 31. Kg1 Kh7 32. Kh2 a6 33. Qb8 b5 34. axb5 axb5 35. Nb6 Qf3 36. Kg1 Qg4+ 37. Qg3 Qd1+ 38. Kg2 Qxc2 39. Nd7 Qxb3 40. Nf6+ Bxf6 41. gxf6 Qf7 0-1


[Site "https://www.chess.com"]

[Event "Titled Tuesday Blitz June 13 Early 2023"]
[White "Seletsky, Grigory"]
[Black "Gonzalez Vega, Alejandro"]
[WhiteFideId "14112191"]
[BlackFideId "3510042"]
[WhiteElo "2491"]
[BlackElo "2317"]
[Result "1-0"]
[Round "11"]
[TimeControl "180+2"]
[Date "2023.06.13"]
[WhiteClock "0:00:25"]
[BlackClock "0:00:00"]
[Board "115"]

1. e4 c5 2. Nf3 a6 3. c3 Nf6 4. e5 Nd5 5. d4 cxd4 6. cxd4 e6 7. Nc3 Nxc3 8. bxc3 Qc7 9. Bd2 d6 10. exd6 Bxd6 11. Bd3 Nd7 12. O-O Nf6 13. Re1 O-O 14. c4 b6 15. Ne5 Bb7 16. Rc1 Rad8 17. Qc2 h6 18. Bf4 Nh5 19. Be3 Nf6 20. h3 Bxe5 21. dxe5 Nd7 22. f4 Nc5 23. Bf1 Rd7 24. Rcd1 Rfd8 25. Rxd7 Rxd7 26. Rd1 Qc6 27. Rxd7 Nxd7 28. Qd2 h5 29. Qd4 g6 30. Bf2 Kg7 31. Bh4 Qc5 32. Qxc5 Nxc5 33. Bd8 Nd7 34. Be7 f6 35. Bd6 fxe5 36. fxe5 Be4 37. h4 a5 38. Kf2 Bb1 39. a3 g5 40. g3 Kg6 41. Be2 gxh4 42. gxh4 Be4 43. Ke3 Bf5 44. Kf4 Bc2 45. Bc7 Bb1 46. Bf3 Bf5 47. Bc6 Nc5 48. Bxb6 Nd3+ 49. Ke3 Nxe5 50. Bb5 a4 51. c5 Bc2 52. c6 Nxc6 53. Bxc6 Kf5 54. Bf3 Kg6 55. Kf4 Bf5 56. Bd4 Bc2 57. Be5 Bb1 58. Be4+ Bxe4 59. Kxe4 Kf7 60. Kf4 Kg6 61. Bd4 Kf7 62. Ke5 Ke7 63. Be3 Kf7 64. Bg5 1-0


[Site "https://www.chess.com"]

[Event "Titled Tuesday Blitz June 13 Early 2023"]
[White "Zhukov, Maksim"]
[Black "Lopez, Nelson M, Ii"]
[WhiteFideId "34181790"]
[BlackFideId "2027895"]
[WhiteElo "1925"]
[BlackElo "2442"]
[Result "0-1"]
[Round "11"]
[TimeControl "180+2"]
[Date "2023.06.13"]
[WhiteClock "0:01:38"]
[BlackClock "0:01:04"]
[Board "116"]

1. d4 d5 2. Bf4 Nc6 3. e3 Bf5 4. c4 e6 5. Nc3 Nf6 6. Nf3 Bb4 7. Qb3 Bxc3+ 8. bxc3 dxc4 9. Bxc4 Na5 10. Qa4+ c6 11. Be2 O-O 12. O-O Be4 13. Nd2 b5 14. Qd1 Bd5 15. a4 a6 16. axb5 axb5 17. Qc2 Nc4 18. Nxc4 Bxc4 19. Bxc4 bxc4 20. e4 Qb6 21. Rxa8 Rxa8 22. Rb1 Qa5 23. h3 h6 24. Rb4 Qa2 25. Qxa2 Rxa2 26. Rxc4 Nxe4 27. Rxc6 Rxf2 28. Bd6 Rc2 29. Bb4 h5 30. Rc8+ Kh7 31. Rc7 Kg6 32. c4 h4 33. Rc6 Rc1+ 34. Kh2 Ng3 35. d5 Rh1# 0-1


[Site "https://www.chess.com"]

[Event "Titled Tuesday Blitz June 13 Early 2023"]
[White "Bueno, Alfeu Junior Varela"]
[Black "Rodriguez Santiago, Jaime"]
[WhiteFideId "2108879"]
[BlackFideId "3100898"]
[WhiteElo "2175"]
[BlackElo "2025"]
[Result "1-0"]
[Round "11"]
[TimeControl "180+2"]
[Date "2023.06.13"]
[WhiteClock "0:03:01"]
[BlackClock "0:01:23"]
[Board "117"]

1. e4 c6 2. d4 d5 3. f3 dxe4 4. fxe4 e5 5. Nf3 Bg4 6. Bc4 Nd7 7. c3 Ngf6 8. Qb3 Qe7 9. Qxb7 Rb8 10. Qxc6 exd4 11. O-O Bxf3 12. Rxf3 Qxe4 13. Rxf6 1-0


[Site "https://www.chess.com"]

[Event "Titled Tuesday Blitz June 13 Early 2023"]
[White "Putri, Regita Desyari"]
[Black "Szyszylo, Rafal"]
[WhiteFideId "7109083"]
[BlackFideId "1109626"]
[WhiteElo "1930"]
[BlackElo "1951"]
[Result "1-0"]
[Round "11"]
[TimeControl "180+2"]
[Date "2023.06.13"]
[WhiteClock "0:02:11"]
[BlackClock "0:00:30"]
[Board "118"]

1. e4 d6 2. d4 Nf6 3. Bd3 e5 4. d5 c6 5. c4 a5 6. Nc3 Na6 7. a3 Be7 8. Bc2 O-O 9. Nf3 Nh5 10. Nxe5 dxe5 11. Qxh5 cxd5 12. cxd5 g6 13. Qe2 f5 14. Bh6 Re8 15. exf5 Bxf5 16. Bxf5 gxf5 17. O-O Qd6 18. Qh5 Qg6 19. Qxg6+ hxg6 20. Nb5 Rad8 21. Rfd1 e4 22. Be3 Nc5 23. d6 Bf6 24. Bxc5 Bxb2 25. Rab1 Bf6 26. Nc7 Re5 27. Bd4 Rxd6 28. Bxe5 Bxe5 29. Rxd6 Bxd6 30. Nb5 Bc5 31. a4 Kf7 32. Rd1 Ke6 33. Kf1 f4 34. Ke2 g5 35. Nc7+ Ke7 36. Nd5+ Ke6 37. Nc3 e3 38. fxe3 Bxe3 39. Ne4 g4 40. h3 gxh3 41. gxh3 Ke5 42. Ng5 Kf5 43. Nf3 Ke4 44. Rd8 b6 45. Re8+ Kd5 46. h4 Kc4 47. h5 Kb4 48. h6 Kxa4 49. h7 Bd4 50. Nxd4 1-0


[Site "https://www.chess.com"]

[Event "Titled Tuesday Blitz June 13 Early 2023"]
[White "agvania123"]
[Black "Mrudul Dehankar"]
[BlackFideId "25096990"]
[WhiteElo "2264"]
[BlackElo "2139"]
[Result "0-1"]
[Round "11"]
[TimeControl "180+2"]
[Date "2023.06.13"]
[WhiteClock "0:01:12"]
[BlackClock "0:00:53"]
[Board "119"]

1. c4 e5 2. Nc3 Nf6 3. Nf3 Nc6 4. e4 Bc5 5. Nxe5 Nxe5 6. d4 Bb4 7. dxe5 Nxe4 8. Qf3 d5 9. a3 Bxc3+ 10. bxc3 Be6 11. Bf4 c6 12. Be2 O-O 13. O-O f5 14. exf6 Qxf6 15. Be3 Nxc3 16. Qxf6 Nxe2+ 0-1


[Site "https://www.chess.com"]

[Event "Titled Tuesday Blitz June 13 Early 2023"]
[White "Ansh M Shah"]
[Black "Liu, Kelsey"]
[WhiteFideId "25033379"]
[BlackFideId "30944481"]
[WhiteElo "2084"]
[BlackElo "2258"]
[Result "0-1"]
[Round "11"]
[TimeControl "180+2"]
[Date "2023.06.13"]
[WhiteClock "0:00:17"]
[BlackClock "0:00:16"]
[Board "120"]

1. d4 Nf6 2. c4 e6 3. g3 d5 4. Bg2 Be7 5. Nf3 O-O 6. O-O dxc4 7. Qc2 a6 8. a4 c5 9. Rd1 Qc7 10. Qxc4 b5 11. Qc2 Bb7 12. Bf4 Qb6 13. a5 Qa7 14. Bc7 Nc6 15. Bb6 Nb4 16. Qb3 Qb8 17. dxc5 Nbd5 18. Nc3 Rc8 19. Rac1 Bxc5 20. Nxd5 Bxd5 21. Rxd5 Bxb6 22. Rxc8+ Qxc8 23. Rd1 Bxa5 24. Ne5 Nd5 25. Rxd5 exd5 26. Bxd5 Ra7 27. Nc6 Rc7 28. Nxa5 Qg4 29. Bf3 Qh3 30. Nc6 Qd7 31. Qd5 Qxd5 32. Bxd5 Kf8 33. e4 Ke8 34. b3 f6 35. Kf1 Rc8 36. Ke2 Kd7 37. Kd3 Rxc6 38. Bxc6+ Kxc6 39. b4 Kb6 40. f4 a5 41. bxa5+ Kxa5 42. Kc3 Kb6 43. Kb4 g6 44. e5 fxe5 45. fxe5 Kc6 46. e6 Kd6 47. e7 Kxe7 48. Kxb5 Ke6 49. Kc4 Kf5 50. Kd3 Kg4 51. Ke3 Kh3 52. Kf4 Kxh2 53. g4 Kh3 54. Kg5 Kg3 55. Kh6 Kxg4 56. Kxh7 Kf5 57. Kh6 g5 58. Kh5 g4 59. Kh4 Kf4 60. Kh5 g3 61. Kh4 g2 62. Kh3 g1=Q 63. Kh4 Qg4# 0-1


[Site "https://www.chess.com"]

[Event "Titled Tuesday Blitz June 13 Early 2023"]
[White "Buchenau, Frank"]
[Black "Mishra, Manoj"]
[WhiteFideId "4604350"]
[BlackFideId "5006007"]
[WhiteElo "2157"]
[BlackElo "1847"]
[Result "1-0"]
[Round "11"]
[TimeControl "180+2"]
[Date "2023.06.13"]
[WhiteClock "0:00:30"]
[BlackClock "0:00:02"]
[Board "121"]

1. e4 Nf6 2. e5 Nd5 3. d4 d6 4. Nf3 Nb6 5. a4 Bg4 6. a5 N6d7 7. h3 Bxf3 8. Qxf3 Nc6 9. c3 dxe5 10. a6 Qc8 11. Bb5 Ndb8 12. d5 bxa6 13. Ba4 e6 14. dxe6 Qxe6 15. O-O Bc5 16. Nd2 O-O 17. Bb3 Qf6 18. Qxf6 gxf6 19. Ne4 Be7 20. Bh6 Rd8 21. Rfd1 f5 22. Ng5 Bxg5 23. Bxg5 Rxd1+ 24. Rxd1 Kg7 25. f4 Na5 26. Bc2 h6 27. Bh4 Nbc6 28. Rd7 e4 29. b4 Nc4 30. Rxc7 Ne3 31. Bb3 Nd8 32. Kf2 Ne6 33. Bxe6 Nd1+ 34. Ke2 Nxc3+ 35. Rxc3 fxe6 36. Rc7+ Kg6 37. g4 fxg4 38. hxg4 Rb8 39. Rc6 Rxb4 40. f5+ Kg7 41. fxe6 e3 42. Rc7+ Kf8 43. Be7+ Ke8 44. Bxb4 1-0


[Site "https://www.chess.com"]

[Event "Titled Tuesday Blitz June 13 Early 2023"]
[White "campochess"]
[Black "Gracia Alvarez, Gerardo Antonio"]
[BlackFideId "5109124"]
[WhiteElo "2209"]
[BlackElo "2160"]
[Result "0-1"]
[Round "11"]
[TimeControl "180+2"]
[Date "2023.06.13"]
[WhiteClock "0:00:00"]
[BlackClock "0:00:03"]
[Board "122"]

1. Nf3 c5 2. e4 Nc6 3. Bb5 d6 4. c3 Nf6 5. d4 Nxe4 6. d5 a6 7. Bd3 Nf6 8. dxc6 bxc6 9. h3 g6 10. Bg5 Bg7 11. O-O O-O 12. Re1 e5 13. Nbd2 Qc7 14. Ne4 Nxe4 15. Rxe4 d5 16. Rh4 e4 17. Bxe4 dxe4 18. Rxe4 Bf5 19. Re7 Qb6 20. Qb3 Rab8 21. Qxb6 Rxb6 22. Rc7 Be4 23. Be7 Re8 24. Bxc5 Rxb2 25. Ng5 Bd5 26. Rd1 h6 27. Rxd5 cxd5 28. Nxf7 Rxa2 29. Bd4 Rf8 30. Ne5 a5 31. Nxg6 Rf7 32. Rc8+ Kh7 33. Ne5 Rb7 34. Rc5 a4 35. Rxd5 a3 36. Ra5 Ra1+ 37. Kh2 a2 38. c4 Rd1 39. Bc3 Rc1 40. Bd4 Re1 41. f4 Re4 42. Bc3 Re2 43. Kg3 Rb3 44. Kf3 Rc2 45. Ke4 Rbxc3 46. c5 Bxe5 47. fxe5 Rxc5 48. Ra7+ Kg8 49. Kf5 Rc7 50. Ra6 Kf7 51. e6+ Ke7 0-1


[Site "https://www.chess.com"]

[Event "Titled Tuesday Blitz June 13 Early 2023"]
[White "Nikologorsky, Matfei"]
[Black "Necula, Iulian"]
[WhiteFideId "24102474"]
[BlackFideId "1232380"]
[WhiteElo "2153"]
[BlackElo "1790"]
[Result "1-0"]
[Round "11"]
[TimeControl "180+2"]
[Date "2023.06.13"]
[WhiteClock "0:00:13"]
[BlackClock "0:00:00"]
[Board "123"]

1. e4 d6 2. d4 Nf6 3. Nc3 Nbd7 4. h4 e5 5. dxe5 dxe5 6. a3 c6 7. h5 h6 8. Be3 Qc7 9. Be2 b5 10. f3 a5 11. Nh3 b4 12. axb4 Bxb4 13. Kf2 Bc5 14. Bxc5 Nxc5 15. g4 Be6 16. Kg3 Rd8 17. Qc1 g6 18. hxg6 fxg6 19. Qe3 Nb7 20. Rad1 Rxd1 21. Rxd1 Ke7 22. Ba6 Nd7 23. Be2 Nbc5 24. Rh1 Bf7 25. Nf2 Ne6 26. Nd3 Nf4 27. Nxf4 exf4+ 28. Qxf4 Qxf4+ 29. Kxf4 g5+ 30. Ke3 Kf6 31. Rd1 Ne5 32. b3 h5 33. gxh5 Rxh5 34. Na4 Rh3 35. Nc5 g4 36. Rf1 g3 37. Rg1 Bh5 38. Nd3 Nxd3 39. cxd3 c5 40. Bf1 Rh2 41. Rxg3 Rb2 42. f4 Rxb3 43. e5+ Ke7 44. f5 c4 45. Kd4 c3 46. Kc4 Rb1 47. Kxc3 Rxf1 48. Rg7+ Kf8 49. f6 Bf7 50. Rg4 Ra1 51. Rd4 a4 52. Rd8+ Be8 53. e6 a3 54. f7 Rc1+ 55. Kb3 Rb1+ 56. Kxa3 1-0


[Site "https://www.chess.com"]

[Event "Titled Tuesday Blitz June 13 Early 2023"]
[White "Novikova, Margarita"]
[Black "Balla, Tamas-Kristof"]
[WhiteFideId "14109689"]
[BlackFideId "1208497"]
[WhiteElo "2013"]
[BlackElo "2334"]
[Result "1-0"]
[Round "11"]
[TimeControl "180+2"]
[Date "2023.06.13"]
[WhiteClock "0:00:40"]
[BlackClock "0:00:00"]
[Board "124"]

1. e4 c5 2. Nc3 Nc6 3. d3 g6 4. Be3 d6 5. Qd2 Bg7 6. g3 a6 7. Bg2 Nf6 8. Bh6 O-O 9. h4 e5 10. Bxg7 Kxg7 11. Nge2 h5 12. Nd5 Nxd5 13. exd5 Nd4 14. Nxd4 cxd4 15. O-O Bf5 16. f4 Qd7 17. fxe5 dxe5 18. c4 Bh3 19. Qg5 Bxg2 20. Qf6+ Kg8 21. Kxg2 Rae8 22. Rae1 Qg4 23. Re4 Qd7 24. Rxe5 Rxe5 25. Qxe5 Re8 26. Qxd4 b5 27. b3 bxc4 28. dxc4 a5 29. c5 Re2+ 30. Rf2 Rxf2+ 31. Kxf2 Qf5+ 32. Ke3 Qh3 33. Qf4 Qg2 34. Kd4 Qb2+ 35. Kc4 Qxa2 36. Qb8+ Kh7 37. d6 a4 38. d7 Qc2+ 39. Kd5 Qd3+ 40. Kc6 Qe4+ 41. Kc7 Qe5+ 42. Kc8 Qxc5+ 43. Qc7 Qf5 44. bxa4 Qg4 45. Qf4 Qe6 46. a5 Qa6+ 47. Kb8 Qb5+ 48. Kc8 Qa6+ 49. Kd8 Qxa5+ 50. Ke8 Qb5 51. Qxf7+ Kh8 52. Qf6+ Kh7 53. Qe7+ Kh8 54. Kf7 Qd5+ 55. Qe6 Qf3+ 56. Qf6+ 1-0


[Site "https://www.chess.com"]

[Event "Titled Tuesday Blitz June 13 Early 2023"]
[White "Mayaud, Raphael"]
[Black "Kielinkei"]
[WhiteFideId "627151"]
[WhiteElo "2191"]
[BlackElo "2460"]
[Result "1-0"]
[Round "11"]
[TimeControl "180+2"]
[Date "2023.06.13"]
[WhiteClock "0:00:28"]
[BlackClock "0:00:10"]
[Board "125"]

1. d4 Nf6 2. Bg5 c5 3. d5 Ne4 4. Bf4 Qb6 5. Nd2 Nxd2 6. Bxd2 Qxb2 7. e4 d6 8. Ne2 Na6 9. Bc3 Qa3 10. Rb1 Nb4 11. Bxb4 cxb4 12. Nd4 Bd7 13. Rb3 Qxa2 14. Rxb4 Qa5 15. c3 O-O-O 16. Qb1 b6 17. Be2 Kb8 18. O-O Rc8 19. Rc1 g6 20. Bb5 Bxb5 21. Rxb5 Qa6 22. Nc6+ Rxc6 23. dxc6 Bh6 24. Rc2 Qa4 25. Rxb6+ axb6 26. Qxb6+ 1-0


[Site "https://www.chess.com"]